 Dungeon Crawl Stone Soup version 0.29-a0-360-g8ed1089bbe (webtiles) character file.

Game seed: 1807018903628870388

135 ytrimaz the Shield-Bearer (level 4, -1/37 HPs)
             Began as a Demonspawn Fighter on Apr 28, 2022.
             Killed by divine providence
             ... invoked by an orc priest
              (13 damage)
             ... on level 3 of the Dungeon.
             The game lasted 00:03:45 (2571 turns).

ytrimaz the Shield-Bearer (Demonspawn Fighter)      Turns: 2571, Time: 00:03:46

Health: -1/37      AC:  9    Str: 18    XL:     4   Next: 97%
Magic:  4/4        EV:  9    Int:  9    God:
Gold:   95         SH:  5    Dex: 13    Spells: 3/3 levels left

rFire   . . .      SeeInvis .   a - +0 rapier
rCold   . . .      Faith    .   c - +0 buckler
rNeg    . . .      Spirit   .   b - +0 scale mail
rPois   .          Reflect  .   (no helmet)
rElec   .          Harm     .   l - +0 cloak
rCorr   .          Rampage  .   (no gloves)
Will    +....                   (no boots)
Stlth   ..........              (no amulet)
HPRegen 0.12/turn               q - ring of willpower
MPRegen 0.09/turn               (no ring)

@: no status effects
A: molten scales 1, powered by death 1
a: no special abilities


You were on level 3 of the Dungeon.
You visited 1 branch of the dungeon, and saw 3 of its levels.

You collected 95 gold pieces.

Inventory:

Hand Weapons
 a - a +0 rapier (weapon)
 e - a +0 dagger of freezing
 i - a +3 dagger
Armour
 b - a +0 scale mail (worn)
 c - a +0 buckler (worn)
 l - a +0 cloak (worn)
Jewellery
 q - a ring of willpower (left hand)
Scrolls
 d - a scroll of magic mapping
 k - a scroll of fog
 m - a scroll of immolation
 n - a scroll of vulnerability
 o - a scroll of teleportation
Potions
 f - 3 potions of curing
 p - a potion of experience {unknown}
 r - a potion of attraction {unknown}
 s - a potion of haste {unknown}


   Skills:
 + Level 3.7 Fighting
 + Level 3.2 Short Blades
 - Level 2.6 Armour
 * Level 3.8 Shields


You had 3 spell levels left.
You didn't know any spells.
Your spell library was empty.

Dungeon Overview and Level Annotations

Branches:
Dungeon (3/15)

Altars:

Shops:
D:3 :


Innate Abilities, Weirdness & Mutations

You are partially covered in molten scales. (AC +2)
You regenerate a little health from kills.


Message History

There is an open door here.
Found a leather armour and 28 stones.
You see here a +0 leather armour.
An orc priest is nearby!
An orc priest is nearby!
An orc priest is nearby!
The orc priest shouts!
The orc priest closely misses you.
You hit the orc priest but do no damage.
You block the orc priest's attack.
The orc priest calls down the wrath of Beogh upon you.
Pain shoots through your body!
You closely miss the orc priest. You block the orc priest's attack.
You hit the orc priest.
The orc priest is moderately wounded.
The orc priest calls down the wrath of Beogh upon you.
Beogh smites you!
You are too injured to fight recklessly!
You are too injured to fight recklessly!
You are too injured to fight recklessly!
You are too injured to fight recklessly!
You are too injured to fight recklessly!
You are too injured to fight recklessly!
You are too injured to fight recklessly!
You are too injured to fight recklessly!
Unknown command.
You hit the orc priest but do no damage.
The orc priest is moderately wounded.
You block the orc priest's attack.
You hit the orc priest.
The orc priest is heavily wounded.
The orc priest hits you but does no damage.
You hit the orc priest.
The orc priest is severely wounded.
The orc priest hits you with a +0 hand axe.
You closely miss the orc priest.
The orc priest is severely wounded.
The orc priest mumbles some strange prayers to Beogh against you.
Beogh smites you!
You die...

....#.##.
.....##≈≈###.........#
......>.
.#.#.#≈≈≈######'#######
....#.# ..#≈
≈#.#......# #)....#
#.###### #.#...#
###+#.# #<..#.# #...[.#
#!K...# ## #.....#
#.o...#... #..(..#
≈....#... #@....#
.o..?#.#$#.....o.....#
.#o≈≈≈.#.#...#.#.....#
#$...≈≈≈.#. #.#.....#
o#..(#.≈≈# . #..≈..#
##≈≈.#..≈≈ .. #.≈≈≈.#
.≈≈..≈≈≈.# ## ###≈≈.#
≈≈...≈..+. #≈≈#
.....≈..#


You could see an orc priest.

Vanquished Creatures
  Terence (D:2)
  4 adders (D:3)
  A worm (D:2)
  A dart slug (D:1)
  8 orcs (D:3)
  5 ball pythons
  4 endoplasms
  3 giant cockroaches (D:2)
  5 hobgoblins
  2 jackals (D:1)
  2 quokkas (D:1)
  6 bats (D:1)
  3 frilled lizards
  3 goblins
  8 kobolds
  5 rats
61 creatures vanquished.

Notes
Turn   | Place    | Note
-------+----------+-------------------------------------------
     0 | D:1      | ytrimaz the Demonspawn Fighter began the quest for the Orb.
     0 | D:1      | Reached XP level 1. HP: 18/18 MP: 1/1
   176 | D:1      | Gained mutation: You regenerate a little health from kills.
                  | [demonic ancestry]
   176 | D:1      | Reached XP level 2. HP: 3/24 MP: 2/2
   826 | D:1      | Reached XP level 3. HP: 29/29 MP: 3/3
   847 | D:1      | Found a faded altar of an unknown god.
  1542 | D:2      | Noticed Terence
  1556 | D:2      | Killed Terence
  1557 | D:2      | Gained mutation: You are partially covered in molten
                  | scales. (AC +2) [demonic ancestry]
  1557 | D:2      | Reached XP level 4. HP: 13/35 MP: 4/4
  2338 | D:3      | Found Guoq's Book Boutique.
  2571 | D:3      | Killed from afar by an orc priest

Illustrated notes

Levels and vault maps discovered:
D:1:      scummos_arrival_forest, layout_rooms,
          chequers_ecumenical_altar_simple_redux
D:2:      layout_basic, kennysheep_potato, uniq_terence
D:3:      layout_basic, overflow_temple_1_default, serial_rivers,
          chequers_serial_rivers_micro_b, chequers_serial_rivers_small_b,
          chequers_serial_rivers_small_a, chequers_serial_rivers_small_b,
          serial_shops, nicolae_square_shop

Skill      XL: |  1  2  3  4 |
---------------+-------------+-----
Shields        | 3 |  3.8
Short Blades   | 2 3 |  3.2
Fighting       | |  3.7
Armour         | |  2.6

Action                   |  1- 3 |  4- 6 || total
-------------------------+-------+-------++-------
Melee: Rapier            |   127 |   100 ||   227
  Use: Scroll            |     8 |     1 ||     9
       Potion            |     1 |     5 ||     6
Armor: Scale mail        |    72 |    46 ||   118
       Skin              |       |    20 ||    20
Dodge: Dodged            |    75 |    47 ||   122
Block: Buckler           |    34 |    27 ||    61

Table legend: (Time is in decaauts)
 A = Elapsed time spent in this place.
 B = Non-inter-level travel time spent in this place.
 C = Inter-level travel time spent in this place.
 D = Time resting spent in this place.
 E = Time spent auto-exploring this place.
 F = Levels seen in this place.
 G = Mean time per level.
                   A        B        C        D        E       F      G
               +--------+--------+--------+--------+--------+-----+--------+
         Total |   2602 |   2504 |     98 |    816 |   1111 |   3 |  867.3 |
       Dungeon |   2602 |   2504 |     98 |    816 |   1111 |   3 |  867.3 |
               +--------+--------+--------+--------+--------+-----+--------+

Top non-repeatable levels by time:
     D:2: 1213 daAuts
     D:1: 1126 daAuts
     D:3: 262 daAuts
